[Event "Portugal Open 2019"]
[Site "Lisbon"]
[Date "2019.02.03"]
[Round "3.22"]
[White "Haug, Johannes"]
[Black "Sousa, Ludy Helsio Paulo"]
[Result "0-1"]
[ECO "E67"]
[WhiteElo "2403"]
[BlackElo "2169"]
[Annotator "RC"]
[PlyCount "94"]
[EventDate "2019.01.25"]
[EventType "swiss"]
[EventCountry "POR"]
[SourceTitle "playchess.com"]
[Source "ChessBase"]
[SourceQuality "1"]
[TimeControl "5400+30"]

1. d4 Nf6 2. c4 g6 3. g3 Bg7 4. Bg2 d6 5. Nf3 O-O 6. O-O Nbd7 7. Nc3 e5 8. b3 Re8 9. e4 exd4 10. Nxd4 Nc5 11. f3 a5 12. Be3 h6 13. Qd2 Kh7 14. Rad1 Nfd7 15. h3 c6 16. Rfe1 Qb6 17. f4 a4 18. Rb1 axb3 19. axb3 Qb4 20. e5 dxe5 21. Nc2 Qb6 22. f5 Qc7 23. b4 Na4 24. fxg6+ fxg6 25. Ne4 Ndb6 26. Na3 Be6 27. Qc2 Nd7 28. Red1 Nf8 29. Ra1 Nb6 30. Bc5 Red8 31. Rf1 Kh8 32. g4 Bg8 33. Be3 Ne6 34. Qf2 Nd4 35. Qh4 Ne2+ 36. Kh1 Nf4 37. Bf3 Nxc4 38. Nxc4 Bxc4 39. Rxa8 Rxa8 40. Rd1 Bd5 41. b5 Ra3 42. Qf2 Nxh3 43. Qd2 Qf7 44. Bg2 Ra2 45. Qd3 Nf4 46. Bxf4 Qxf4 47. Rf1 Qxg4 0-1

[Event "Portugal Open 2019"]
[Site "Lisbon"]
[Date "2019.02.03"]
[Round "3.26"]
[White "Terrieux, Kevin"]
[Black "Nordquelle, Daniel"]
[Result "1-0"]
[ECO "D05"]
[WhiteElo "2459"]
[BlackElo "2235"]
[Annotator "RC"]
[PlyCount "53"]
[EventDate "2019.01.25"]
[EventType "swiss"]
[EventCountry "POR"]
[SourceTitle "playchess.com"]
[Source "ChessBase"]
[SourceQuality "1"]
[TimeControl "5400+30"]

1. d4 d5 2. Nf3 e6 3. e3 Nf6 4. Bd3 Be7 5. O-O O-O 6. b3 b6 7. Bb2 Bb7 8. Nbd2 Nbd7 9. c4 c5 10. cxd5 Nxd5 11. Rc1 Rc8 12. Qe2 cxd4 13. Nxd4 Nc5 14. Bb1 Ba6 15. Nc4 b5 16. Nd2 b4 17. Nc4 Bf6 18. Rfd1 Qe7 19. Nf5 Qc7 20. Rxd5 Bxb2 21. Qxb2 exf5 22. Nd6 Rfd8 23. Qd4 Nxb3 24. Rxc7 Nxd4 25. Nxc8 Ne2+ 26. Kh1 Rxd5 27. Ne7+ 1-0

[Event "Portugal Open 2019"]
[Site "Lisbon"]
[Date "2019.02.03"]
[Round "3.30"]
[White "Martin Duque, Jesus"]
[Black "Hill, Alistair"]
[Result "1-0"]
[ECO "B33"]
[WhiteElo "2393"]
[BlackElo "2152"]
[Annotator "NA RC"]
[PlyCount "91"]
[EventDate "2019.01.25"]
[EventType "swiss"]
[EventCountry "POR"]
[SourceTitle "playchess.com"]
[Source "ChessBase"]
[SourceQuality "1"]
[TimeControl "5400+30"]

1. e4 c5 2. Nf3 Nc6 3. d4 cxd4 4. Nxd4 Nf6 5. Nc3 e5 6. Ndb5 d6 7. Bg5 a6 8. Na3 ({Predecessor:} 8. Bxf6 gxf6 9. Na3 {0-1 (35) Djingarova,E (2030)-Vijayalakshmi,S Szeged 1994}) 8... b5 9. Bxf6 gxf6 10. Nd5 f5 11. Bd3 Be6 12. c3 $146 (12. O-O Bxd5 13. exd5 Ne7 14. Re1 Bg7 {½-½ (41) Topalov,V (2749)-Mamedov,R (2704) Shamkir 2018}) 12... Bg7 13. O-O Bxd5 14. exd5 Ne7 15. Re1 {[%emt 0:00:07] B33: Sicilian: Pelikan and Sveshnikov Variations} O-O 16. Nc2 e4 (16... Re8 17. Qh5 e4 18. Bf1 Nxd5 19. Qxf5 Re5 20. Qh3 Qb6 21. Rad1 Rae8 22. Rxe4 Rxe4 23. Rxd5 {½-½ (41) Topalov,V (2749)-Mamedov,R (2704) Shamkir 2018}) 17. Bf1 Ng6 18. Qh5 Qd7 (18... Qf6 $14) 19. g3 ({Predecessor:} 19. Rad1 Rae8 20. Nd4 Bxd4 21. Rxd4 Re5 22. Qh3 Qe7 {0-1 (35) Djingarova,E (2030)-Vijayalakshmi,S Szeged 1994}) 19... Rfe8 20. Bh3 Re5 21. Ne3 Ne7 22. a4 h6 23. axb5 Qxb5 24. Qe2 Qc5 25. Rxa6 Rxa6 26. Qxa6 Nxd5 27. Qa8+ Bf8 28. Nxf5 e3 29. f4 Rxf5 30. Bxf5 e2+ 31. Kg2 $1 Ne3+ 32. Kh1 Qxf5 33. Qf3 Nc4 34. Rxe2 d5 35. Kg2 Bg7 36. g4 Qd7 37. h3 Qb5 38. Qd3 Qc6 39. Kh2 Nb6 40. Qf5 Qb5 41. Rg2 $11 Qf1 42. g5 Nc4 43. Qc8+ Kh7 44. Qg4 hxg5 45. Qxg5 Bf8 46. Qg8+ 1-0

[Event "Portugal Open 2019"]
[Site "Lisbon"]
[Date "2019.02.03"]
[Round "3.31"]
[White "Low, Zhen Yu Cyrus"]
[Black "Pirola, Claudionor Alcides "]
[Result "1-0"]
[ECO "C58"]
[WhiteElo "2377"]
[BlackElo "2113"]
[Annotator "NA RC"]
[PlyCount "56"]
[EventDate "2019.01.25"]
[EventType "swiss"]
[EventCountry "POR"]
[SourceTitle "playchess.com"]
[Source "ChessBase"]
[SourceQuality "1"]
[TimeControl "5400+30"]

1. e4 e5 2. Nf3 Nc6 3. Bc4 Nf6 4. Ng5 d5 5. exd5 Na5 6. Bb5+ c6 7. dxc6 bxc6 8. Bd3 Nd5 {[%emt 0:00:08] C58: Two Knights: 4 Ng5 d5 5 exd5 Na5 sidelines} 9. Nf3 Nf4 $146 ({Predecessor:} 9... Bd6 10. O-O Nf4 11. Nc3 (11. Re1 Nxd3 {1-0 (34) Bortnyk,O (2553)-Sanal,V (2510) Kocaeli 2015}) 11... Nxd3 12. cxd3 O-O 13. Ne4 Ba6 14. Re1 Bc7 15. b4 Nb7 16. Bb2 {½-½ (112) Wang,H (2730)-Tari,A (2620) St Petersburg 2018}) 10. O-O Nxd3 11. cxd3 Bd6 12. Re1 O-O 13. Nc3 ({Predecessor:} 13. b3 f6 14. Nc3 {1-0 (34) Bortnyk,O (2553)-Sanal,V (2510) Kocaeli 2015}) 13... c5 14. b3 f6 15. Ne4 Ba6 16. Ba3 Nb7 (16... Bxd3 $11 {keeps the balance.} 17. Nxc5 Bxc5 18. Bxc5 Rf7) 17. Qc2 Rc8 18. Rac1 Qb6 19. b4 (19. Nxd6 $16 Nxd6 20. Bxc5 Bxd3 21. Bxb6 Rxc2 22. Rxc2 (22. Bxa7 Rxa2 23. Rc3 Rxa7 $11) 22... Bxc2 23. Bc5 (23. Bxa7 Ra8 $16)) 19... cxb4 20. Qb3+ Kh8 21. Nxd6 Nxd6 22. Qxb4 Qxb4 23. Bxb4 Rfd8 24. Rxc8 Nxc8 25. d4 $1 exd4 $16 26. Nxd4 Kg8 27. Nc6 Rd7 28. Nb8 Rc7 1-0

[Event "Portugal Open 2019"]
[Site "Lisbon"]
[Date "2019.02.03"]
[Round "3.32"]
[White "Tryggestad, Andreas Garberg"]
[Black "Leao, Tiago Miguel Da Sil"]
[Result "1/2-1/2"]
[ECO "D43"]
[WhiteElo "2351"]
[BlackElo "2084"]
[Annotator "NA RC"]
[PlyCount "86"]
[EventDate "2019.01.25"]
[EventType "swiss"]
[EventCountry "POR"]
[SourceTitle "playchess.com"]
[Source "ChessBase"]
[SourceQuality "1"]
[TimeControl "5400+30"]

1. d4 Nf6 2. c4 e6 3. Nf3 d5 4. Nc3 c6 5. g3 Bd6 6. Bg2 O-O 7. O-O Nbd7 8. Qd3 h6 9. b3 Qe7 10. e4 dxe4 11. Nxe4 e5 ({Black should try} 11... Nxe4 $14 12. Qxe4 e5) 12. dxe5 Bxe5 13. Nxe5 Nxe5 14. Qd6 Qxd6 15. Nxd6 Rd8 16. Nxc8 Raxc8 17. Be3 Nfg4 (17... b6 $14) 18. Bxa7 Ra8 19. Bb6 Rd2 20. h3 Nd7 21. Bc7 Ngf6 22. a4 Nc5 23. b4 Ne6 24. Bb6 Rc2 25. c5 Nd4 26. Rfd1 Ne2+ 27. Kf1 Nc3 28. Rdc1 ({White should try} 28. Rac1 $14 Rxc1 29. Rxc1) 28... Rxa4 29. Bf3 Rxa1 30. Rxa1 Nfe4 31. Ra8+ Kh7 32. Bxe4+ Nxe4 33. Rb8 Rxf2+ 34. Ke1 Rf6 35. Rxb7 Nxg3 36. Bd8 {[%emt 0:01:46] [#]} Re6+ $1 37. Kf2 Ne4+ 38. Kf3 Kg6 39. Rd7 Nc3 40. Rd2 (40. Rd6 $17 {was worth a try.}) 40... Kf5 (40... f6 $19 41. Rd3 Nb5) 41. Rd7 Kg6 $11 (41... Re8 $17 42. Bb6 Rf8) 42. Rd2 Kf5 43. Rd7 Kg6 1/2-1/2

[Event "Portugal Open 2019"]
[Site "Lisbon"]
[Date "2019.02.03"]
[Round "3.34"]
[White "Bartel, Michal"]
[Black "Darnell, Anton"]
[Result "1-0"]
[ECO "C16"]
[WhiteElo "2306"]
[BlackElo "2039"]
[Annotator "NA RC"]
[PlyCount "73"]
[EventDate "2019.01.25"]
[EventType "swiss"]
[EventCountry "POR"]
[SourceTitle "playchess.com"]
[Source "ChessBase"]
[SourceQuality "1"]
[TimeControl "5400+30"]

1. e4 ({Predecessor:} 1. d4 e6 {½-½ (19) Niermann,R (2116)-Bachofner,A (2240) Vienna 2009}) 1... e6 2. d4 d5 3. Nc3 Bb4 4. e5 b6 5. Qg4 Bf8 6. f4 Qd7 $146 {[%emt 0:00:39] C16: French: 3 Nc3 Bb4 4 e5: Lines without ...c5} ({Predecessor:} 6... Ne7 7. Bd3 (7. Nf3 {½-½ (19) Niermann,R (2116)-Bachofner,A (2240) Vienna 2009}) 7... Ba6 8. Bxa6 Nxa6 9. Qe2 Nb4 10. a3 Nbc6 11. Nf3 Nf5 12. Be3 h5 13. O-O Qd7 14. Bf2 {½-½ (46) Arjun,K (2269)-Malakhatko,V (2514) Chennai 2017}) 7. Nf3 Ne7 8. Ne2 Ba6 9. Ng3 Bxf1 10. Rxf1 g6 ({Predecessor:} 10... a6 11. Ng5 h6 12. Nf3 Nbc6 13. c3 Nf5 14. Nxf5 exf5 15. Qh4 Be7 16. Qf2 Nd8 17. h3 h5 18. Qe2 Ne6 19. Be3 a5 {½-½ (19) Niermann,R (2116)-Bachofner,A (2240) Vienna 2009}) 11. Qh4 Nf5 12. Nxf5 gxf5 13. Be3 Nc6 14. O-O-O Ne7 15. Qh5 Ng6 16. h3 O-O-O 17. g4 Be7 18. Rg1 f6 19. Kb1 Kb7 20. Rd2 Rdf8 21. gxf5 exf5 22. Rc1 c5 23. c4 fxe5 24. fxe5 f4 25. Bf2 dxc4 26. d5 Rf5 27. Qg4 Rhf8 28. Re1 Bd8 29. h4 Nh8 30. e6 Qd6 31. Qg7+ Be7 32. Qxh7 Kb8 33. Red1 b5 {[%emt 0:00:27] [#]} 34. Bxc5 $18 Qxc5 35. d6 Bxd6 36. Rxd6 Rh5 37. Rd8+ 1-0

[Event "Portugal Open 2019"]
[Site "Lisbon"]
[Date "2019.02.03"]
[Round "3.35"]
[White "Fernandes, Alberto"]
[Black "Chylewski, Patryk"]
[Result "0-1"]
[ECO "A01"]
[WhiteElo "2072"]
[BlackElo "2304"]
[Annotator "NA RC"]
[PlyCount "87"]
[EventDate "2019.01.25"]
[EventType "swiss"]
[EventCountry "POR"]
[SourceTitle "playchess.com"]
[Source "ChessBase"]
[SourceQuality "1"]
[TimeControl "5400+30"]

1. b3 d5 2. Bb2 Bg4 3. h3 Bh5 4. g3 c6 5. Bg2 Nd7 6. Nf3 Ngf6 7. O-O Qc7 {LiveBook: 3 Games} 8. d4 e6 9. Nbd2 a5 10. a4 Bb4 11. c4 O-O 12. Rc1 Rfe8 13. Ne5 Nxe5 14. dxe5 Nd7 15. f4 Qb6+ 16. Kh2 Bg6 17. Nf3 Be4 18. Ng5 Bxg2 19. Kxg2 h6 20. Nf3 Rad8 21. Qc2 Bc5 22. Rcd1 Be7 23. Nd4 dxc4 24. Qxc4 Qc5 25. Qxc5 Bxc5 26. Kf3 Bb4 27. Rc1 Nc5 28. Rfd1 Rd5 29. Bc3 Red8 30. Bxb4 axb4 31. Re1 Nd3 32. exd3 Rxd4 33. Rc4 Rxd3+ 34. Re3 R8d4 35. Rc2 Rd1 36. h4 $19 h5 37. Ke2 Rh1 38. Rc5 Rh2+ 39. Kf3 Rhd2 40. Rc1 Kh7 41. Re4 R4d3+ 42. Re3 Rxe3+ 43. Kxe3 Rb2 44. Kd4 0-1

[Event "Portugal Open 2019"]
[Site "Lisbon"]
[Date "2019.02.03"]
[Round "3.37"]
[White "Gjestemoen-VonHirsch, Andre"]
[Black "Risting, Eivind Olav"]
[Result "1/2-1/2"]
[ECO "A45"]
[WhiteElo "2038"]
[BlackElo "2282"]
[Annotator "NA RC"]
[PlyCount "49"]
[EventDate "2019.01.25"]
[EventType "swiss"]
[EventCountry "POR"]
[SourceTitle "playchess.com"]
[Source "ChessBase"]
[SourceQuality "1"]
[TimeControl "5400+30"]

1. d4 Nf6 2. Bf4 d5 3. e3 c5 4. c3 Nc6 5. Nd2 Bf5 6. Qb3 Qc8 7. Ngf3 c4 8. Qd1 e6 9. Nh4 Be7 10. Be2 O-O 11. O-O b5 12. Nxf5 exf5 13. Qc2 Qe6 14. b3 h6 15. a4 a6 16. axb5 axb5 17. bxc4 bxc4 18. h3 g5 19. Bh2 $11 f4 {[#]} 20. Rae1 $1 fxe3 21. Bd1 exf2+ 22. Kxf2 Qd7 23. Kg1 Rae8 24. Be5 Nxe5 25. dxe5 1/2-1/2

[Event "Portugal Open 2019"]
[Site "Lisbon"]
[Date "2019.02.04"]
[Round "4.11"]
[White "Spraggett, Kevin"]
[Black "Sousa, Ludy Helsio Paulo"]
[Result "1/2-1/2"]
[ECO "A05"]
[WhiteElo "2513"]
[BlackElo "2169"]
[Annotator "RC"]
[PlyCount "114"]
[EventDate "2019.01.25"]
[EventType "swiss"]
[EventCountry "POR"]
[SourceTitle "playchess.com"]
[Source "ChessBase"]
[SourceQuality "1"]
[TimeControl "5400+30"]

1. Nf3 Nf6 2. g3 g6 3. b3 Bg7 4. Bb2 d6 5. c4 e5 6. d3 O-O 7. Bg2 h6 8. O-O Nc6 9. Nc3 Be6 10. Nd2 Qd7 11. a3 a5 12. Nd5 Bh3 13. e4 Bxg2 14. Kxg2 Nxd5 15. cxd5 Nd4 16. Rc1 c6 17. Nc4 Ra6 18. dxc6 bxc6 19. Bxd4 exd4 20. Re1 d5 21. Nd2 Re8 22. Qc2 h5 23. exd5 Qxd5+ 24. Kg1 Raa8 25. h4 Bf8 26. Nc4 Rab8 27. Rxe8 Rxe8 28. Qd2 Qf3 29. Rf1 Re2 30. Qd1 f6 31. b4 axb4 32. axb4 Bh6 33. Qb3 Kh8 34. b5 cxb5 35. Qxb5 Qxd3 36. Qb8+ Kh7 37. Qb7+ Bg7 38. Nd6 Qc2 39. Qd7 Qc5 40. Ne8 Qe7 41. Qxe7 Rxe7 42. Nxg7 Kxg7 43. Rd1 Rd7 44. Kf1 d3 45. Ke1 Re7+ 46. Kf1 Rd7 47. Ke1 g5 48. Kd2 Kg6 49. Rh1 Rd4 50. Ke3 Rd5 51. hxg5 fxg5 52. Kd2 g4 53. Rf1 Kg5 54. Ke3 d2 55. Rd1 Kf5 56. Rxd2 Rxd2 57. Kxd2 Ke5 1/2-1/2

[Event "Portugal Open 2019"]
[Site "Lisbon"]
[Date "2019.02.04"]
[Round "4.17"]
[White "Chylewski, Patryk"]
[Black "Martin Duque, Jesus"]
[Result "0-1"]
[ECO "D31"]
[WhiteElo "2304"]
[BlackElo "2393"]
[Annotator "RC"]
[PlyCount "80"]
[EventDate "2019.01.25"]
[EventType "swiss"]
[EventCountry "POR"]
[SourceTitle "playchess.com"]
[Source "ChessBase"]
[SourceQuality "1"]
[TimeControl "5400+30"]

1. d4 d5 2. c4 e6 3. Nc3 Bb4 4. e3 Nf6 5. Nf3 O-O 6. Bd2 b6 7. cxd5 exd5 8. Bd3 Bb7 9. Rc1 a6 10. O-O Bd6 11. Re1 Re8 12. Qc2 Ne4 13. Red1 Nd7 14. Qb3 Nxd2 15. Nxd2 Nf6 16. Nf1 Rb8 17. Qc2 Qe7 18. Qe2 Ra8 19. Ng3 g6 20. Re1 h5 21. Nf1 Kg7 22. Nd2 c5 23. dxc5 bxc5 24. h3 Bc7 25. Nf1 Qd6 26. Qc2 Rac8 27. Qb1 Bb8 28. Rcd1 Re5 29. Kh1 Rce8 30. e4 dxe4 31. Nxe4 Nxe4 32. Bxe4 Qe7 33. f3 f5 34. Bxb7 Rxe1 35. Bxa6 Rxd1 36. Qxd1 Qd6 37. Qa4 Re6 38. Bc4 Re1 39. Kg1 Qd4+ 40. Kh1 Rxf1+ 0-1

[Event "Portugal Open 2019"]
[Site "Lisbon"]
[Date "2019.02.04"]
[Round "4.26"]
[White "Di Nicolantonio, Lucas"]
[Black "Ferreira, Hugo Miguel Da Cost"]
[Result "1-0"]
[ECO "A02"]
[WhiteElo "2364"]
[BlackElo "2136"]
[Annotator "RC"]
[PlyCount "39"]
[EventDate "2019.01.25"]
[EventType "swiss"]
[EventCountry "POR"]
[SourceTitle "playchess.com"]
[Source "ChessBase"]
[SourceQuality "1"]
[TimeControl "5400+30"]

1. f4 b6 2. e4 e5 3. Nf3 exf4 4. Bc4 Qe7 5. d4 Qxe4+ 6. Kf2 Qf5 7. Re1+ Be7 8. Nc3 Bb7 9. Kg1 Nc6 10. d5 Nb4 11. Nd4 Qg5 12. Nf3 Qf5 13. a3 Na6 14. Nd4 Qf6 15. Ne4 Qg6 16. Bd3 Bxd5 17. Bxf4 f5 18. Nxf5 Qc6 19. Qe2 Nc5 20. Nxe7 1-0

[Event "Portugal Open 2019"]
[Site "Lisbon"]
[Date "2019.02.04"]
[Round "4.28"]
[White "Rocha, Sergio"]
[Black "Eggert, Alberto"]
[Result "1-0"]
[ECO "D02"]
[WhiteElo "2354"]
[BlackElo "2132"]
[Annotator "RC"]
[PlyCount "55"]
[EventDate "2019.01.25"]
[EventType "swiss"]
[EventCountry "POR"]
[SourceTitle "playchess.com"]
[Source "ChessBase"]
[SourceQuality "1"]
[TimeControl "5400+30"]

1. d4 d5 2. Nf3 Nc6 3. Bf4 Bf5 4. e3 e6 5. Be2 Bd6 6. O-O Nge7 7. a3 Ng6 8. Bxd6 cxd6 9. Nbd2 O-O 10. Ne1 e5 11. c3 e4 12. g3 Bh3 13. Ng2 Qg5 14. Re1 Bxg2 15. Kxg2 f5 16. Kh1 Rf6 17. Rg1 Raf8 18. Qf1 Nge7 19. Re1 h5 20. f4 exf3 21. Qxf3 h4 22. Qf4 Qh6 23. gxh4 Qxf4 24. exf4 Ng6 25. Rgf1 Nxh4 26. Nf3 Ng6 27. Ng5 Re8 28. Bc4 1-0

[Event "Portugal Open 2019"]
[Site "Lisbon"]
[Date "2019.02.04"]
[Round "4.29"]
[White "Lisowski, Krzysztof"]
[Black "Tryggestad, Andreas Garberg"]
[Result "1-0"]
[ECO "B40"]
[WhiteElo "2135"]
[BlackElo "2351"]
[Annotator "RC"]
[PlyCount "67"]
[EventDate "2019.01.25"]
[EventType "swiss"]
[EventCountry "POR"]
[SourceTitle "playchess.com"]
[Source "ChessBase"]
[SourceQuality "1"]
[TimeControl "5400+30"]

1. e4 c5 2. Nf3 e6 3. g3 Nc6 4. Bg2 Nf6 5. d3 d6 6. O-O g6 7. Re1 Bg7 8. c3 d5 9. e5 Nd7 10. d4 O-O 11. Nbd2 b5 12. Nf1 b4 13. a3 cxd4 14. cxd4 Qb6 15. h4 f6 16. Bf4 fxe5 17. dxe5 Ba6 18. Ne3 Rad8 19. Ng4 Rde8 20. Rc1 bxa3 21. bxa3 Kh8 22. Bh3 Na5 23. Ng5 Nc4 24. h5 Nb2 25. Qd2 Nd3 26. h6 N7c5 27. hxg7+ Kxg7 28. Nf6 Re7 29. Ngxh7 Nb3 30. Bh6+ Kh8 31. Nxf8 Rg7 32. Qxd3 Bxd3 33. Nxg6+ Bxg6 34. Rc8+ 1-0

[Event "Portugal Open 2019"]
[Site "Lisbon"]
[Date "2019.02.04"]
[Round "4.32"]
[White "Bruaset, Eivind"]
[Black "Pastar, Slaven"]
[Result "1/2-1/2"]
[ECO "B00"]
[WhiteElo "2124"]
[BlackElo "2330"]
[Annotator "NA RC"]
[PlyCount "70"]
[EventDate "2019.01.25"]
[EventType "swiss"]
[EventCountry "POR"]
[SourceTitle "playchess.com"]
[Source "ChessBase"]
[SourceQuality "1"]
[TimeControl "5400+30"]

1. e4 b6 2. d4 Bb7 3. Bd3 e6 4. Nf3 c5 5. c3 Nf6 6. e5 Nd5 7. Be4 c4 8. Qc2 h6 9. O-O b5 10. Nbd2 Qc7 11. Re1 d6 12. b3 Nd7 13. Ba3 (13. Rb1 $16) 13... N7b6 (13... Rc8 $14) 14. bxc4 bxc4 15. Rab1 Rc8 16. g3 Be7 17. exd6 Bxd6 18. Bxd6 Qxd6 19. Ne5 O-O 20. a4 Ba6 {[%emt 0:04:58] [#]} (20... Qc7 $16) 21. Bh7+ $1 Kh8 {[%emt 0:00:38] [#]} 22. Ne4 $1 Qe7 23. f4 $2 ({White should play} 23. Nc5 $18) 23... Nd7 $16 24. f5 Nxe5 25. dxe5 Rc6 26. Nd6 exf5 27. Qxf5 g6 28. Bxg6 fxg6 29. Qxg6 Qg7 30. Nf7+ Qxf7 31. Qxc6 Qf2+ 32. Kh1 Qf3+ 33. Kg1 Qf2+ 34. Kh1 Qf3+ 35. Kg1 Qf2+ 1/2-1/2

[Event "Portugal Open 2019"]
[Site "Lisbon"]
[Date "2019.02.04"]
[Round "4.34"]
[White "Terryn, Ezra"]
[Black "Godzwon, Iwo"]
[Result "1-0"]
[ECO "B21"]
[WhiteElo "2116"]
[BlackElo "2322"]
[Annotator "NA RC"]
[PlyCount "75"]
[EventDate "2019.01.25"]
[EventType "swiss"]
[EventCountry "POR"]
[SourceTitle "playchess.com"]
[Source "ChessBase"]
[SourceQuality "1"]
[TimeControl "5400+30"]

1. e4 c5 2. d4 cxd4 3. c3 dxc3 4. Nxc3 e6 5. Nf3 a6 6. Bc4 b5 7. Bb3 Bb7 8. O-O {[%emt 0:00:15] B21: Sicilian: 2 f4 and Morra Gambit} d6 (8... Ne7 9. Bg5 f6 10. Be3 Ng6 11. a4 b4 12. Nd5 exd5 13. exd5 Bd6 14. Nd4 Ne7 15. Re1 Kf8 16. Qd2 Qa5 17. Bf4 Qc7 18. Rxe7 Bxf4 19. Qe2 Bxh2+ 20. Kh1 Be5 21. Ne6+ {1-0 (21) Berg,E (2579)-Luch,M (2448) Porto 2016}) 9. Ng5 h6 $146 ({Predecessor:} 9... Be7 10. f4 Bxg5 11. fxg5 Ne7 12. Bf4 O-O 13. Qxd6 Nbc6 14. Qc5 Qd4+ 15. Be3 Qxc5 16. Bxc5 {½-½ (27) Esserman,M (2474)-Bartel,M (2260) Warsaw 2016}) 10. Qh5 ({Weaker is} 10. Nxf7 Kxf7 11. f4 (11. Qg4 $2 Qe7 $19) (11. Qh5+ g6 $17) 11... Nc6 $15) 10... g6 11. Qh3 Qf6 12. Nxf7 Kxf7 {[%emt 0:06:01] [#]} 13. f4 $1 Qe7 14. f5 Nf6 15. fxg6+ Ke8 16. Bxe6 Bg7 17. Bf4 Nbd7 18. Nd5 Bxd5 19. exd5 Ne5 20. Rae1 Kd8 (20... Rb8 $142 21. Qa3 Qc7 22. Qxa6 Rb6) 21. Bxe5 dxe5 22. Rxe5 $2 (22. d6 Qb7 23. Qc3) 22... Ng4 (22... Rf8 $142) 23. Re2 $2 (23. Qxg4 $18 {is more deadly.} Qc5+ 24. Kh1 Bxe5 25. g7) 23... Ne5 (23... Bd4+ $16 24. Kh1 Rf8) 24. Rc2 Nc4 $2 (24... Rf8) 25. Rf7 Qc5+ 26. Kh1 Ra7 27. Qh4+ Ke8 28. Qf4 Qb6 29. b3 Be5 30. g7 Bxg7 31. bxc4 Rf8 32. c5 Qd8 33. Bd7+ Qxd7 34. Re2+ Qe7 35. Rexe7+ Rxe7 36. Rxe7+ Kxe7 37. Qd6+ Ke8 38. g4 1-0

[Event "Portugal Open 2019"]
[Site "Lisbon"]
[Date "2019.02.04"]
[Round "4.37"]
[White "Sousa, Hugo Carneiro"]
[Black "Storme, Isak"]
[Result "0-1"]
[ECO "B22"]
[WhiteElo "2097"]
[BlackElo "2290"]
[Annotator "ChessBase"]
[PlyCount "126"]
[EventDate "2019.01.25"]
[EventType "swiss"]
[EventCountry "POR"]
[SourceTitle "playchess.com"]
[Source "ChessBase"]
[SourceQuality "1"]
[TimeControl "5400+30"]

1. e4 c5 2. c3 b6 3. d4 Bb7 4. Bd3 Nf6 5. Qe2 cxd4 6. cxd4 Nc6 7. Nf3 Nb4 8. Nc3 Nxd3+ 9. Qxd3 e6 10. O-O d5 11. e5 Ne4 12. Ng5 Nxc3 13. Qxc3 Rc8 14. Qd3 h6 15. Nh3 Be7 16. Qg3 g6 17. Bd2 Kf8 18. Rac1 Kg7 19. f4 Qd7 20. Nf2 Ba6 21. Rfe1 Rxc1 22. Rxc1 Rc8 23. Qe3 Rxc1+ 24. Bxc1 Qb5 25. h3 Qf1+ 26. Kh2 h5 27. a3 Be2 28. Nh1 h4 29. Nf2 Kg8 30. Bd2 a5 31. Bc3 Bf8 32. Ng4 Bxg4 33. hxg4 Bh6 34. g5 Bf8 35. Be1 Qb5 36. Qd2 Qf1 37. Bxh4 b5 38. Be1 b4 39. Qe3 bxa3 40. bxa3 Bxa3 41. Bxa5 Bc1 42. Bd2 Bb2 43. Qg1 Qe2 44. Be3 Bc3 45. Qf2 Qd1 46. Qf3 Qd3 47. Qf2 Kf8 48. Qg1 Qe2 49. Qf2 Qd1 50. Qf3 Qd3 51. Qf2 Ke7 52. Qg1 Kd7 53. Qf2 Kc6 54. Qg1 Kb5 55. Qf2 Qd1 56. Kh3 Kc4 57. Qa2+ Kd3 58. Qf2 Be1 59. Qf1+ Kxe3 60. Qg1+ Ke4 61. g3 Qh5+ 62. Kg2 Qf3+ 63. Kh3 Qxg3+ 0-1

[Event "Portugal Open 2019"]
[Site "Lisbon"]
[Date "2019.02.05"]
[Round "5.20"]
[White "Corbalan Gomez, Juan Jose"]
[Black "Rajesh, V A V"]
[Result "0-1"]
[ECO "D79"]
[WhiteElo "2235"]
[BlackElo "2406"]
[Annotator "RC"]
[PlyCount "134"]
[EventDate "2019.01.25"]
[EventType "swiss"]
[EventCountry "POR"]
[SourceTitle "playchess.com"]
[Source "ChessBase"]
[SourceQuality "1"]
[TimeControl "5400+30"]

1. Nf3 Nf6 2. g3 g6 3. Bg2 Bg7 4. O-O O-O 5. c4 c6 6. d4 d5 7. cxd5 cxd5 8. Ne5 e6 9. Nc3 Nfd7 10. Nf3 Nc6 11. Be3 Nf6 12. h3 Ne4 13. Nxe4 dxe4 14. Ne5 Nxe5 15. dxe5 Qa5 16. Bxe4 Qxe5 17. Qc2 Bd7 18. Bxb7 Rab8 19. Bf3 Rxb2 20. Qc5 a5 21. Rfd1 Bb5 22. Qxe5 Bxe5 23. Rab1 Bxe2 24. Bxe2 Rxe2 25. Rb5 Bc3 26. Rd3 Rb2 27. Rxb2 Bxb2 28. Rb3 Bf6 29. Rb5 Bc3 30. Kf1 Rd8 31. Ke2 Kg7 32. Rb3 Bb4 33. a3 Be7 34. Rb5 Rd5 35. a4 Bb4 36. Rb7 Kf6 37. h4 e5 38. Rb8 h5 39. Re8 Rd7 40. f3 Kf5 41. Rb8 Ke6 42. g4 f5 43. gxh5 f4 44. Bf2 gxh5 45. Rh8 Rd2+ 46. Kf1 Ra2 47. Rh6+ Kd5 48. Rxh5 Rxa4 49. Rh8 Ra1+ 50. Kg2 Ra2 51. Kf1 Bc3 52. h5 Bd4 53. Rd8+ Kc4 54. Bxd4 exd4 55. Kg1 Re2 56. h6 Re7 57. Ra8 d3 58. Kf2 d2 59. Rd8 Kc3 60. Rc8+ Kb2 61. Rd8 Kc1 62. Rc8+ Kd1 63. Rc5 Re2+ 64. Kf1 Rh2 65. Rc6 a4 66. Ra6 Kc2 67. Rc6+ Kd3 0-1

[Event "Portugal Open 2019"]
[Site "Lisbon"]
[Date "2019.02.05"]
[Round "5.21"]
[White "Sukandar, Irine Kharisma"]
[Black "Alvarez Serrano, Carlos"]
[Result "1-0"]
[ECO "B90"]
[WhiteElo "2397"]
[BlackElo "2201"]
[Annotator "NA RC"]
[PlyCount "97"]
[EventDate "2019.01.25"]
[EventType "swiss"]
[EventCountry "POR"]
[SourceTitle "playchess.com"]
[Source "ChessBase"]
[SourceQuality "1"]
[TimeControl "5400+30"]

1. e4 c5 2. Nf3 d6 3. d4 cxd4 4. Nxd4 Nf6 5. Nc3 a6 6. f3 e5 7. Nb3 Be6 8. Be3 Be7 9. Qd2 Qc7 10. g4 O-O 11. g5 Nh5 12. O-O-O Rc8 13. Nd5 Bxd5 $1 14. exd5 Nd7 15. Bh3 a5 16. Kb1 a4 17. Nc1 b5 18. Nd3 a3 19. b3 Re8 20. Bg4 Nf4 21. Bxf4 ({White should try} 21. Nxf4 $16 exf4 22. Bxf4) 21... exf4 22. Bxd7 ({Reject} 22. Qxf4 Nb6 $15) 22... Qxd7 23. Qxf4 Qc7 24. h4 Rec8 25. Rh2 h5 26. Qb4 Qd7 27. f4 Bd8 28. Qe4 Qg4 $2 (28... Bb6 $14) 29. Qe8+ Kh7 30. Qe2 Qxe2 (30... Bb6 $1 $14) 31. Rxe2 Kg6 (31... Ba5 $16 {might work better.}) 32. f5+ ({White should try} 32. Nb4 $18) 32... Kxf5 33. Rf1+ Kg6 34. Nf4+ Kh7 35. Nxh5 Rc5 36. Nf4 Rac8 (36... Rb8 {was worth a try.} 37. Re8 Rbc8) 37. Rg2 (37. Nd3 $142) 37... R8c7 $2 (37... R5c7 {was worth a try.} 38. h5 Kg8) 38. h5 Bxg5 39. Rxg5 Rxc2 40. Rg2 Rxg2 41. Nxg2 Kh6 42. Ne3 Kxh5 43. Nf5 Rd7 44. Nxg7+ Kg6 45. Nf5 b4 46. Rf2 Kg5 47. Kc2 Kf6 48. Kd3 Ke5 49. Ne3 1-0